 Dungeon Crawl Stone Soup version 0.28.0-53-g5a82cb258f (webtiles) character file.

Game seed: 12850548541922263341

92 cbfl8 the Covered (level 4, -11/40 HPs)
             Began as a Minotaur Fighter on July 20, 2022.
             Mangled by an orc warrior
             ... wielding a +0 scimitar
              (15 damage)
             ... on level 3 of the Dungeon.
             The game lasted 00:02:23 (1742 turns).

cbfl8 the Covered (Minotaur Fighter)                Turns: 1742, Time: 00:02:24

Health: -11/40     AC: 10    Str: 20    XL:     4   Next: 35%
Magic:  3/3        EV: 10    Int:  5    God:
Gold:   92         SH:  5    Dex: 18    Spells: 3/3 levels left

rFire   . . .      SeeInvis .   a - +0 war axe
rCold   . . .      Faith    .   c - +0 buckler
rNeg    . . .      Spirit   .   b - +0 scale mail
rPois   .          Reflect  .   (helmet restricted)
rElec   .          Harm     .   m - +0 cloak
rCorr   .          Rampage  .   g - +0 pair of gloves
Will    .....                   h - +0 pair of boots
Stlth   ..........              (no amulet)
HPRegen 0.13/turn               l - +6 ring of dexterity
MPRegen 0.08/turn               (no ring)

@: mighty
A: horns 2, retaliatory headbutt
a: no special abilities


You were on level 3 of the Dungeon.
You visited 1 branch of the dungeon, and saw 3 of its levels.

You collected 92 gold pieces.

Inventory:

Hand Weapons
 a - a +0 war axe (weapon)
Armour
 b - a +0 scale mail (worn)
 c - a +0 buckler (worn)
 g - a +0 pair of gloves (worn)
 h - a +0 pair of boots (worn)
 m - a +0 cloak (worn)
Jewellery
 l - a +6 ring of dexterity (left hand)
Scrolls
 f - 2 scrolls of holy word {unknown}
 i - a scroll of immolation {unknown}
 j - a scroll of identify {unknown}
Potions
 e - a potion of curing {unknown}
 k - a potion of brilliance {unknown}


   Skills:
 + Level 4.1 Fighting
 + Level 3.4 Axes
 + Level 4.3 Armour
 + Level 1.5 Dodging
 + Level 4.3 Shields


You had 3 spell levels left.
You didn't know any spells.
Your spell library was empty.

Dungeon Overview and Level Annotations

Branches:
Dungeon (3/15)

Altars:


Innate Abilities, Weirdness & Mutations

You have a pair of horns on your head.
You reflexively headbutt those who attack you in melee.


Message History

You barely miss the orc.
The orc wizard mumbles some strange words.
The orc wizard flickers and vanishes!
Deactivating autopickup; reactivate with Ctrl-A.
The orc hits you but does no damage.
Unknown command.
You hit the orc. You headbutt the orc, but do no damage.
The orc is almost dead.
The orc barely misses you. You block the orc warrior's attack.
Unknown command.
You hit the orc warrior.
You headbutt the orc warrior, but do no damage.
The orc warrior is lightly wounded.
You hit something.
The orc warrior hits you with a +0 scimitar.
Sorry, you're not good enough to have a special ability.
You feel very mighty all of a sudden. The orc warrior closely misses you.
Something hits you but does no damage.
You slash the orc warrior!
The orc warrior is severely wounded.
You completely miss the orc. You slash something! The orc warrior misses you.
You hear some strange, mumbled words.
A magic dart appears from out of thin air!
The magic dart hits you. The orc hits you with a +0 club.
The orc warrior hits you with a +0 scimitar!
* * * LOW HITPOINT WARNING * * *
You barely miss the orc warrior.
The orc warrior is severely wounded.
You hit something.
Reactivating autopickup.
You feel a bit more experienced.
You slash the orc!
You kill the orc!
The orc warrior hits you with a +0 scimitar.
* * * LOW HITPOINT WARNING * * *
You have reached level 4!
You feel agile.
You barely miss the orc warrior.
The orc warrior is severely wounded.
The orc warrior hits you with a +0 scimitar!
You die...

....... .# ..
....<... .
......#... .
.#......#.###.
.......#.....
#...#...>....
#..##))....#
..#.##..##@o#####
..................
.#.###.##.#######
#.##.# #.##.#
#.##.# #.##.#
#.##<# #...(#


You could see an orc warrior.

Vanquished Creatures
  An orc wizard (D:3)
  2 adders (D:2)
  A dart slug (D:1)
  An orc (D:3)
  3 ball pythons (D:2)
  5 endoplasms
  3 giant cockroaches
  2 goblins
  3 hobgoblins
  6 kobolds
  2 quokkas
  6 bats
  2 frilled lizards (D:2)
  8 rats
45 creatures vanquished.

Notes
Turn   | Place    | Note
-------+----------+-------------------------------------------
     0 | D:1      | cbfl8 the Minotaur Fighter began the quest for the Orb.
     0 | D:1      | Reached XP level 1. HP: 19/19 MP: 0/0
   104 | D:1      | Found a faded altar of an unknown god.
   132 | D:1      | Reached XP level 2. HP: 27/27 MP: 1/1
   836 | D:2      | Reached XP level 3. HP: 32/33 MP: 2/2
  1243 | D:2      | Reached skill level 1 in Dodging
  1733 | D:3      | Noticed an orc warrior
  1742 | D:3      | Reached XP level 4. HP: 4/40 MP: 3/3
  1742 | D:3      | Mangled by an orc warrior

Illustrated notes

Levels and vault maps discovered:
D:1:      dpeg_arrival_prison, layout_basic, hellmonk_ecumenical_altar_run_dry,
          minmay_misc_feat_encased
D:2:      layout_loops_ring
D:3:      minmay_recursive_quarters, layout_basic,
          nicolae_overflow_hidden_temple, lemuel_crystal_altar,
          mainiacjoe_overflow_24_doors

Skill      XL: |  1  2  3 |
---------------+----------+-----
Armour         | 4 |  4.3
Fighting       | 4 |  4.1
Axes           | 3 |  3.4
Shields        | 4 |  4.3
Dodging        | 1 |  1.5

Action                   |  1- 3 |  4- 6 || total
-------------------------+-------+-------++-------
Melee: War axe           |    95 |     1 ||    96
       Headbutt          |     9 |       ||     9
  Use: Potion            |     1 |       ||     1
Armor: Scale mail        |    50 |       ||    50
Dodge: Dodged            |    48 |       ||    48
Block: Buckler           |    17 |       ||    17
